 Dungeon Crawl Stone Soup version 0.29.0-11-gd7f09526c8 (webtiles) character file.

Game seed: 933532896740781394

3530 gelatine the Cleaver (level 9, -11/70 HPs)
             Began as a Demonspawn Fighter on Sept 2, 2022.
             Killed from afar by Maggie (23 damage)
             ... with a bolt of fire
             ... on level 9 of the Dungeon.
             The game lasted 00:24:49 (7725 turns).

gelatine the Cleaver (Demonspawn Fighter)           Turns: 7725, Time: 00:24:50

Health: -11/70     AC: 13    Str: 27    XL:     9   Next: 82%
Magic:  18/18      EV:  6    Int: 13    God:
Gold:   201        SH: 13    Dex: 13    Spells: 8/8 levels left

rFire   . . .      SeeInvis +   a - +0 war axe (spect)
rCold   . . .      Faith    .   b - +0 tower shield
rNeg    . . .      Spirit   .   H - +1 chain mail {rPois}
rPois   +          Reflect  .   (no helmet)
rElec   .          Harm     .   t - +0 cloak
rCorr   .          Rampage  .   k - +0 pair of gloves
Will    .....                   (no boots)
Stlth   ..........              C - amulet of regeneration
HPRegen 1.01/turn               r - +6 ring of strength
MPRegen 0.16/turn               n - ring "Gacodunk" {MP+9 Int+4 SInv}

@: mesmerised
A: hooves 1, powered by death 1, powered by pain 1, weakness stinger 1, demonic
touch 2
a: no special abilities


You were on level 9 of the Dungeon.
You visited 2 branches of the dungeon, and saw 11 of its levels.
You also visited: Sewer and Ossuary.

You collected 559 gold pieces.
You spent 358 gold pieces at shops.

Inventory:

Hand Weapons
 a - a +0 spectral war axe (weapon)
Missiles
 q - a curare-tipped dart (quivered)
Armour
 b - a +0 tower shield (worn)
 k - a +0 pair of gloves (worn)
 m - a +3 leather armour
 t - a +0 cloak (worn)
 D - a +0 kite shield
 H - a +1 chain mail of poison resistance (worn)
Jewellery
 f - an amulet of guardian spirit
 n - the ring "Gacodunk" (right hand) {MP+9 Int+4 SInv}
   (You found it on level 8 of the Dungeon)

   [ring of see invisible]

   Int:       It affects your intelligence (+4).
   MP:        It affects your magic capacity (+9).
   SInv:      It lets you see invisible.
 r - a +6 ring of strength (left hand)
 C - an amulet of regeneration (around neck)
Wands
 s - a wand of mindburst (12)
Scrolls
 c - a scroll of blinking
 d - 3 scrolls of magic mapping
 e - 4 scrolls of poison
 g - 4 scrolls of fear
 i - a scroll of brand weapon
 l - 3 scrolls of silence
 o - a scroll of summoning {unknown}
 p - 3 scrolls of enchant weapon
 v - 3 scrolls of enchant armour
 x - a scroll of immolation {unknown}
 y - a scroll of teleportation {unknown}
 E - a scroll of vulnerability {unknown}
 F - a scroll of fog {unknown}
Potions
 h - 2 potions of lignification
 j - 2 potions of curing
 u - a potion of haste
 w - 2 potions of cancellation {unknown}
 z - 2 potions of flight {unknown}
 A - 2 potions of resistance {unknown}
 B - 4 potions of berserk rage {unknown}


   Skills:
 + Level 6.3 Fighting
 + Level 8.8 Axes
 + Level 2.2 Throwing
 + Level 4.7 Armour
 + Level 4.6 Dodging
 + Level 2.6 Stealth
 + Level 4.5 Shields


You had 8 spell levels left.
You didn't know any spells.
Your spell library contained the following spells:

 Spells                   Type           Power      Damage    Failure   Level
 Sandblast                Erth           0%         2d4       100%        1
 Passwall                 Tmut/Erth      0%         N/A       100%        2
 Scorch                   Fire           0%         2d5       100%        2
 Dazzling Flash           Conj/Hex       0%         N/A       100%        3
 Stone Arrow              Conj/Erth      0%         3d7       100%        3
 Flame Wave               Conj/Fire      0%         2d4       100%        4
 Fulminant Prism          Conj/Hex       0%         3d6       100%        4
 Iskenderun's Mystic Bla  Conj/Tloc      0%         2d3       100%        4
 Agony                    Necr           0%         N/A       100%        5
 Lee's Rapid Deconstruct  Erth           0%         3d5*      100%        5
 Silence                  Hex/Air        0%         N/A       100%        5
 Summon Cactus Giant      Summ           0%         N/A       100%        6


Dungeon Overview and Level Annotations

Branches:
Dungeon (10/15)            Temple (1/1) D:6           Sewer (visited)
Ossuary (visited)
   Lair: D:8-11         Orc: D:9-12

Altars:
Ashenzari
Fedhas
Gozag
Makhleb
Nemelex Xobeh
Okawaru
Qazlal
Ru
Sif Muna
Uskayaw
Vehumet
Wu Jian
Xom
Yredelemnul

Shops:
D:6 ==(?   D:7 *   D:9 [

Annotations:
D:4 3 runed translucent doors, baller8008's ghost, amateur NaFi
D:5 3 runed translucent doors, boredatwork's ghost, novice HOMo
D:6 3 runed translucent doors, Rudyous's ghost, novice DsFi
D:9 Grum; Maggie


Innate Abilities, Weirdness & Mutations

You have large cloven feet.
You regenerate a little health from kills.
You sometimes gain a little power by taking damage.
You have a small tail.
Your touch may inflict irresistible damage on your foes.


Message History

Maggie is heavily wounded.
You hit the wolf. You slash the wolf!
Your +0 spectral war axe completely misses the wolf.
Your +0 spectral war axe barely misses the wolf.
The wolf bites you but does no damage. You block the wolf's attack.
The wolf barely misses you. The wolf bites you but does no damage.
Grum hits you from afar with a -1 spear.
You block Maggie's attack.
The wolf bites you but does no damage. x2
You slash Maggie! You kick Maggie, but do no damage.
Maggie is severely wounded.
You barely miss the wolf. You hit the wolf.
Your +0 spectral war axe hits the wolf!
Your +0 spectral war axe misses the wolf.
The wolf bites you.
The wolf misses your +0 spectral war axe.
You block Grum's attack. Maggie hits you but does no damage.
You block the wolf's attack.
The wolf bites your +0 spectral war axe.
Your spectral weapon shares its damage with you!
Maggie hits you but does no damage.
Grum hits you from afar with a -1 spear!
* * * LOW HITPOINT WARNING * * *
You block the wolf's attack.
You feel much better. The wolf bites you. You block the wolf's attack. x2
Maggie hits you with a +0 glaive of flaming!
Maggie burns you.
* * * LOW HITPOINT WARNING * * *
Grum hits you from afar with a -1 spear.
* * * LOW HITPOINT WARNING * * *
Aiming: Mindburst
Press: ? - help, Q - select action, (/) - cycle Shift-Dir - straight line, f - Maggie
Aim: Maggie, wielding a +0 glaive of flaming and wearing +0 steam dragon scales (severely wounded, mesmerising, chance to affect: 64%) Maggie struggles to resist.
You block the wolf's attack. The wolf bites you but does no damage.
You block the wolf's attack.
Grum hits you from afar with a -1 spear!
* * * LOW HITPOINT WARNING * * *
Maggie points at you and mumbles some strange words.
The bolt of fire hits you!!
You die...

#############
#...........############
'...........'...........
#...........####.#######
#............# #.#
#.....h......# #.#######
#....gh@.....# #.##.....
......@†.....# #.##.#...
.............# #...∩....
.............# #.##.#...
#########+#### #.##.....
#.##..... #.##.....
#.######. #+# #.


You could see Maggie (mesmerising), Grum and 2 wolves.

Vanquished Creatures
  Pikel (D:7)
  Menkaure (D:6)
  A water moccasin (D:5)
  An orc warrior (D:8)
  3 sky beasts
  Pargi (D:3)
  An ogre (D:7)
  2 wolves (D:9)
  A centaur (D:7)
  3 phantoms (D:5)
  4 bullfrogs
  A necrophage (D:8)
  2 scorpions (D:5)
  A water moccasin zombie (D:5)
  3 wights (D:6)
  A howler monkey (D:9)
  2 jellies (D:7)
  5 centaur zombies
  2 gnoll boudas
  3 orc priests
  2 hounds
  A bullfrog skeleton (D:5)
  3 iguanas
  3 orc wizards
  A killer bee zombie (D:5)
  4 hound zombies (Ossuary)
  3 mummies (Ossuary)
  7 gnolls
  15 adders
  4 river rats (D:3)
  A shadow imp (D:7)
  A white imp (D:8)
  2 ufetubi (D:5)
  2 adder zombies (Ossuary)
  4 worms
  3 dart slugs
  23 orcs
  12 ball pythons
  4 endoplasms
  6 giant cockroaches
  4 goblins
  8 hobgoblins
  11 jackals
  6 kobolds
  4 quokkas
  4 bats
  10 frilled lizards
  A gnoll zombie (Ossuary)
  6 goblin zombies (Ossuary)
  2 hobgoblin zombies (Ossuary)
  3 jackal zombies (Ossuary)
  4 kobold zombies (Ossuary)
  2 orc zombies (Ossuary)
  4 quokka zombies (Ossuary)
  3 rats
  6 rat zombies (Ossuary)
218 creatures vanquished.

Vanquished Creatures (others)
  20 fungi (D:6)
  2 plants (D:6)
  11 withered plants (D:5)
33 creatures vanquished.

Grand Total: 251 creatures vanquished

Notes
Turn   | Place    | Note
-------+----------+-------------------------------------------
     0 | D:1      | gelatine the Demonspawn Fighter began the quest for the
                  | Orb.
     0 | D:1      | Reached XP level 1. HP: 18/18 MP: 1/1
   207 | D:1      | Discovered your monstrous ancestry.
   207 | D:1      | Gained mutation: You have a small tail. [demonic ancestry]
   207 | D:1      | Reached XP level 2. HP: 22/24 MP: 2/2
   276 | D:1      | Reached skill level 2 in Axes
   881 | D:2      | Gained mutation: Your touch may inflict minor irresistible
                  | damage on your foes. [demonic ancestry]
   881 | D:2      | Reached XP level 3. HP: 26/29 MP: 3/3
  1356 | D:2      | Gained mutation: You have large cloven feet. [demonic
                  | ancestry]
  1356 | D:2      | Reached XP level 4. HP: 35/35 MP: 4/4
  1382 | D:2      | Reached skill level 3 in Axes
  1557 | D:2      | Found a blossoming altar of Fedhas.
  2171 | D:3      | Found a glowing drain.
  2187 | D:3      | Gained mutation: You regenerate a little health from kills.
                  | [demonic ancestry]
  2187 | D:3      | Reached XP level 5. HP: 10/41 MP: 5/5
  2237 | Sewer    | Entered a sewer
  3096 | D:3      | Noticed Pargi
  3104 | D:3      | Killed Pargi
  3105 | D:3      | Reached skill level 4 in Axes
  3105 | D:3      | Reached skill level 1 in Dodging
  3105 | D:3      | Reached XP level 6. HP: 47/48 MP: 6/6
  3273 | D:4      | Found a runed translucent gate.
  3274 | D:4      | Found a runed translucent gate.
  3283 | D:4      | Noticed baller8008's ghost (amateur NaFi)
  3291 | D:4      | Found a runed translucent gate.
  4038 | D:5      | Entered Level 5 of the Dungeon
  4152 | D:5      | Noticed a water moccasin
  4210 | D:5      | Killed a water moccasin
  4211 | D:5      | Reached skill level 5 in Axes
  4211 | D:5      | Gained mutation: You sometimes gain a little power by
                  | taking damage. [demonic ancestry]
  4211 | D:5      | Reached XP level 7. HP: 13/54 MP: 7/7
  4319 | D:5      | Reached skill level 1 in Throwing
  4758 | D:5      | Reached XP level 8. HP: 61/61 MP: 8/8
  4838 | D:5      | Reached skill level 6 in Axes
  4913 | D:5      | Found a runed translucent gate.
  4920 | D:5      | Found a runed translucent gate.
  4921 | D:5      | Found a runed translucent gate.
  4922 | D:5      | Noticed boredatwork's ghost (novice HOMo)
  4981 | D:6      | Found Bipeda's Jewellery Boutique.
  4994 | D:6      | Found Xuit's Weapon Shop.
  5017 | D:6      | Found Ryvoh's Jewellery Boutique.
  5021 | D:6      | Noticed Menkaure
  5031 | D:6      | Killed Menkaure
  5423 | D:6      | Reached skill level 1 in Stealth
  5481 | D:6      | Found a shimmering blue altar of Sif Muna.
  5557 | D:6      | Found a staircase to the Ecumenical Temple.
  5650 | D:6      | Found a runed translucent gate.
  5650 | D:6      | Found a runed translucent gate.
  5651 | D:6      | Found a runed translucent gate.
  5651 | D:6      | Noticed Rudyous's ghost (novice DsFi)
  5705 | D:6      | Reached skill level 7 in Axes
  5771 | Temple   | Entered the Ecumenical Temple
  5937 | D:6      | Found Xyosuhi's Magic Scroll Shop.
  5940 | D:6      | Bought a scroll of identify for 30 gold pieces
  5940 | D:6      | Bought a scroll of enchant weapon for 112 gold pieces
  6033 | D:6      | Reached skill level 5 in Fighting
  6302 | D:7      | Gained mutation: Your touch may inflict irresistible damage
                  | on your foes. [demonic ancestry]
  6302 | D:7      | Reached XP level 9. HP: 68/68 MP: 9/9
  6307 | D:7      | Noticed Pikel
  6325 | D:7      | Killed Pikel
  6326 | D:7      | Reached skill level 8 in Axes
  6665 | D:7      | Found Telel's Assorted Antiques.
  6673 | D:7      | Bought a scroll labelled ZOIWNO PONTE for 27 gold pieces
  6767 | D:7      | Found a burning altar of Makhleb.
  7186 | D:8      | Found a sand-covered staircase.
  7190 | Ossuary  | Entered an ossuary
  7499 | D:8      | Identified the ring "Gacodunk" {MP+9 Int+4 SInv}
  7655 | D:8      | You fall into a shaft and drop 2 floors!
  7655 | D:10     | Entered Level 10 of the Dungeon
  7681 | D:9      | Found Mufodyrph's Armour Shop.
  7689 | D:9      | Bought a +1 chain mail of poison resistance for 189 gold
                  | pieces
  7713 | D:9      | Noticed Maggie
  7717 | D:9      | Noticed Grum
  7725 | D:9      | Killed from afar by Maggie

Illustrated notes

Levels and vault maps discovered:
D:1:      dpeg_arrival_three_bigger_balls, layout_rooms, grunt_decor_junction
D:2:      layout_loops_ring, basic_altar, chequers_serial_rivers_large_a,
          st_stairs_11
D:3:      layout_loops_ring, lemuel_tele_altar, portal_sewer_entry_b, uniq_pargi
D:4:      layout_loops_corners, gammafunk_ghost_split, hangedman_decor_push
D:5:      layout_rooms, gammafunk_ghost_necromancy, serial_undead,
          serial_undead_b, serial_undead_d, serial_undead_f, serial_undead_e,
          serial_undead_b, serial_undead_f
D:6:      layout_loops_ring, mainiacjoe_overflow_cross_hatched,
          minmay_temple_entry_mini_moons, gammafunk_ghost_nasty_kobolds,
          serial_shops, shop, kennysheep_mini, nicolae_shop_statue_plus, shop,
          uniq_menkaure
D:7:      layout_basic, nicolae_overflow_hidden_temple, serial_shops,
          nicolae_stop_n_shop_1, st_stairs_7, uniq_pikel
D:8:      layout_loops_corners, lightli_ossuary_entry_decrepit_ruins
D:9:      layout_basic, nicolae_hepliaklqana_monster_ancestors, serial_shops,
          nicolae_shop_crystal, serial_bayou_crossing, uniq_prince_ribbit1,
          uniq_maggie, uniq_grum
D:10:     layout_irregular_city, mainiacjoe_overflow_alcove_3
Temple:   jpeg_temple_clearing

Skill      XL: |  1  2  3  4  5  6  7  8  9 |
---------------+----------------------------+-----
Axes           | 2 3 4 5 7 8 |  8.8
Shields        | 3 4 |  4.5
Armour         | 3 4 |  4.7
Fighting       | 4 5 6 |  6.3
Dodging        | 1 2 3 4 |  4.6
Throwing       | 1 2 |  2.2
Stealth        | 1 2 |  2.6

Action                   |  1- 3 |  4- 6 |  7- 9 || total
-------------------------+-------+-------+-------++-------
Melee: War axe           |    84 |   148 |   290 ||   522
       Tailslap          |     6 |    15 |    36 ||    57
       Kick              |       |    22 |    95 ||   117
Throw: Dart              |       |    14 |     5 ||    19
       Boomerang         |       |       |    16 ||    16
Evoke: Wand              |       |       |     1 ||     1
  Use: Potion            |       |     3 |     8 ||    11
       Scroll            |       |     5 |     6 ||    11
 Stab: Sleeping          |       |     1 |     5 ||     6
Armor: Scale mail        |    28 |       |       ||    28
       Leather armour    |    16 |    65 |    97 ||   178
       Skin              |       |    13 |       ||    13
       Chain mail        |       |       |    13 ||    13
Dodge: Dodged            |    54 |    98 |   114 ||   266
Block: Buckler           |    31 |    30 |    22 ||    83
       Kite shield       |       |       |    13 ||    13
       Tower shield      |       |       |   104 ||   104
